 Dungeon Crawl Stone Soup version 0.19.0-18-g426998a (webtiles) character file.

7352 NINUZHNO the Insei (level 11, -8/72 HPs)
             Began as an Octopode Transmuter on Nov 12, 2016.
             Was the Champion of Cheibriados.
             Mangled by a komodo dragon (33 damage)
             ... on level 9 of the Dungeon.
             The game lasted 00:36:04 (12552 turns).

NINUZHNO the Insei (Octopode Transmuter)           Turns: 12552, Time: 00:36:04

Health: -8/72      AC:  8    Str: 24    XL:     11   Next: 13%
Magic:  13/27      EV: 17    Int: 36    God:    Cheibriados [******]
Gold:   62         SH:  0    Dex: 28    Spells: 5 memorised, 9 levels left

rFire  x . .     SeeInvis .       - Unarmed
rCold  + + +     Gourm    .     (shield currently unavailable)
rNeg   . . .     Faith    .     (helmet currently unavailable)
rPois  +         Spirit   .     (no amulet)
rElec  .         Reflect  .     f - +2 ring of intelligence
rCorr  .         Harm     .     y - ring of magical power
MR     +....                    g - ring of protection from magic
Stlth  ++........               (no ring)
                                (no ring)
                                (no ring)
                                (no ring)
                                (no ring)

@: ice-form, very slow
A: almost no armour, stealthy swim, amphibious, 8 rings, (constrict 8),
(camouflage 0), blurry vision 1, (fire resistance 0), frail 1, low mp 1,
(gelatinous body 0)
a: End Transformation, Bend Time, Temporal Distortion, Slouch, Step From Time,
Renounce Religion


You were on level 9 of the Dungeon.
You worshipped Cheibriados.
Cheibriados was exalted by your worship.
You were hungry.
You were a creature of crystalline ice.
You visited 1 branch of the dungeon, and saw 9 of its levels.
You also visited: Sewer.

You collected 525 gold pieces.
You spent 463 gold pieces at shops.

Inventory:

Missiles
 a - 154 arrows
Jewellery
 f - a +2 ring of intelligence (left front paw)
 g - a ring of protection from magic (on tentacle)
 y - a ring of magical power (right front paw)
Wands
 h - a wand of acid (12/15)
 i - a wand of disintegration (10/24)
 A - a wand of teleportation (2/9)
 B - a wand of lightning (9/15)
 D - a wand of teleportation (6/9)
 E - a wand of iceblast (4/15)
 F - a wand of lightning (6/15)
 H - a wand of flame (14/48)
 J - a wand of iceblast (8/15)
Scrolls
 e - 2 scrolls of enchant weapon {unknown}
 j - 3 scrolls of magic mapping
 l - 8 scrolls of teleportation
 o - 4 scrolls of remove curse
 C - a scroll of torment {unknown}
 L - a scroll of fog
 M - a scroll of noise {unknown}
Potions
 d - 3 potions of invisibility
 q - a potion of ambrosia
 r - a potion of cancellation
 t - 4 potions of flight
 x - 2 potions of curing
 G - 3 potions of brilliance
 I - 2 potions of lignification
 K - a potion of might
Books
 b - a book of Changes

   Spells                             Type                      Level
   a - Beastly Appendage              Transmutation                1
   b - Sticks to Snakes               Transmutation                2
   c - Spider Form                    Transmutation/Poison         3
   d - Ice Form                       Ice/Transmutation            4
   e - Blade Hands                    Transmutation                5
 v - a book of Maledictions

   Spells                             Type                      Level
   a - Corona                         Hexes                        1
   b - Ensorcelled Hibernation        Hexes/Ice                    2
   c - Confuse                        Hexes                        3
   d - Tukima's Dance                 Hexes                        3
   e - Dazzling Spray                 Conjuration/Hexes            3
 z - a book of Misfortune

   Spells                             Type                      Level
   a - Confusing Touch                Hexes                        1
   b - Confuse                        Hexes                        3
   c - Gell's Gravitas                Hexes/Translocation          3
   d - Petrify                        Transmutation/Earth          4
   e - Metabolic Englaciation         Hexes/Ice                    5
   f - Yara's Violent Unravelling     Hexes/Transmutation          5
Comestibles
 c - 5 bread rations
 k - 8 slices of pizza
 m - 8 meat rations
 n - 18 fruits
 s - a beef jerky


   Skills:
 - Level 3.2 Fighting
 * Level 7.2 Dodging
 + Level 7.5 Unarmed Combat
 + Level 6.7 Spellcasting
 - Level 7.2 Transmutations
 - Level 5.0 Ice Magic
 * Level 4.4 Earth Magic
 - Level 2.0 Poison Magic
 + Level 5.7 Invocations


You had 9 spell levels left.
You knew the following spells:

 Your Spells              Type           Power        Failure   Level  Hunger
a - Beastly Appendage     Tmut           ######       1%          1    None
b - Sticks to Snakes      Tmut           ######..     1%          2    None
c - Spider Form           Tmut/Pois      #####.....   1%          3    None
d - Ice Form              Ice/Tmut       ######..     2%          4    #......
e - Petrify               Tmut/Erth      ######..     2%          4    #......


Dungeon Overview and Level Annotations

Branches:
Dungeon (9/15)             Temple (0/1) D:7            Lair (0/6) D:9
    Orc: D:9-12

Altars:
Cheibriados
Dithmenos
Gozag
Kikubaaqudgha
Trog
Uskayaw
Xom
Zin
The Shining One

Shops:
D:4 *   D:6 %   D:9 !


Innate Abilities, Weirdness & Mutations

You cannot wear most types of armour.
You are very stealthy in the water. (Stealth+)
You are amphibious.
You can wear up to eight rings at the same time.
((You can use your tentacles to constrict eight enemies at once.))
((Your skin changes colour to match your surroundings (Stealth+).))
((Your rubbery body absorbs attacks. (AC +1, EV +1)))
Scrolls take you a little longer to read.
((Your flesh is heat resistant. (rF+)))
You are frail. (-10% HP)
Your magical capacity is low. (-10% MP)


Message History

The hippogriff screeches!
Casting: Petrify
Confirm with . or Enter, or press ? or * to list all spells.
You turn into a creature of crystalline ice.
The komodo dragon stops moving altogether!
You hit the hippogriff. You freeze the hippogriff.
The hippogriff is lightly wounded.
The hippogriff bites you. The hippogriff pecks you. The hippogriff claws you.
You pummel the hippogriff!! You freeze the hippogriff!
The hippogriff is severely wounded.
The hippogriff bites you! The hippogriff pecks you. The hippogriff misses you.
You punch the hippogriff! You freeze the hippogriff.
You kill the hippogriff!
Cheibriados thoroughly appreciates the change of pace.
Cheibriados raises the support of your attributes as your movement slows.
The komodo dragon is no longer petrified.
The komodo dragon misses you. The komodo dragon bites you!!
You see here a hippogriff corpse.
You completely miss the komodo dragon. The komodo dragon bites you!!
You die...

#.########
#########.##......
#............#####
#.###.######## #.#
#..# #.# ##.#
##.## #.#
##...###.#
#P.Y..##.#
#PP.l.[.#.#
#PP.....#l#
#P........#
#....P.P..#
#P........#
#.P...P..##
#P.>.....# ......#


You could see a komodo dragon.

Vanquished Creatures
  A hydra (D:8)
  A troll (D:9)
  A two-headed ogre (D:9)
  A hippogriff (D:9)
  2 dream sheep (D:8)
  2 yaks (D:8)
  Menkaure (D:4)
  The ghost of HessuHobo the Sneak, an amateur OpAs (D:4)
  Edmund (D:5)
  A water moccasin (D:9)
  Purgy (Sewer)
  3 orc warriors
  2 sky beasts (D:8)
  2 ice beasts
  A phantom (D:9)
  9 ogres
  5 centaurs
  5 big kobolds
  3 killer bees (D:8)
  4 wights (D:7)
  A howler monkey (D:3)
  4 electric eels (D:6)
  4 centaur zombies
  4 quasits
  18 orc wizards
  A gnoll shaman (D:7)
  2 jellies
  9 orc priests
  6 hounds
  A bullfrog skeleton (D:5)
  A centaur skeleton (D:8)
  4 worker ants
  2 iguanas
  Natasha (D:4)
  5 hound skeletons
  A howler monkey zombie (D:6)
  12 gnolls
  A howler monkey skeleton (D:6)
  10 adders
  3 shadow imps
  An adder zombie (D:6)
  2 adder skeletons (D:8)
  2 dart slugs
  5 leopard geckos
  36 orcs
  4 giant cockroaches
  12 goblins
  12 hobgoblins
  3 jackals
  14 kobolds
  A quokka (D:4)
  3 ball pythons
  7 bats
  5 frilled lizards
  15 rats
259 creatures vanquished.

Vanquished Creatures (collateral kills)
  A hill giant (D:6)
  Ijyb (D:3)
  2 adders (D:2)
4 creatures vanquished.

Vanquished Creatures (others)
  24 plants (D:9)
24 creatures vanquished.

Grand Total: 287 creatures vanquished

Notes
Turn   | Place    | Note
-------+----------+-------------------------------------------
     0 | D:1      | NINUZHNO the Octopode Transmuter began the quest for the Orb.
     0 | D:1      | Reached XP level 1. HP: 13/13 MP: 3/3
   215 | D:1      | Reached XP level 2. HP: 18/18 MP: 5/5
   789 | D:1      | Learned a level 2 spell: Sticks to Snakes
  1008 | D:2      | Reached XP level 3. HP: 22/23 MP: 6/6
  1013 | D:2      | Learned a level 3 spell: Spider Form
  1128 | D:2      | Found a snail-covered altar of Cheibriados.
  1142 | D:2      | Became a worshipper of Cheibriados the Contemplative
  1361 | D:2      | Reached skill level 1 in Poison Magic
  2088 | D:2      | Reached * piety under Cheibriados
  2257 | D:2      | Reached XP level 4. HP: 11/28 MP: 4/7
  2984 | D:3      | Reached XP level 5. HP: 21/33 MP: 5/8
  3310 | D:3      | Noticed Ijyb
  3328 | D:3      | Killed Ijyb
  3394 | D:3      | Learned a level 4 spell: Ice Form
  3506 | D:3      | Reached skill level 5 in Transmutations
  3506 | D:3      | Reached XP level 6. HP: 16/38 MP: 2/10
  3760 | D:3      | Reached skill level 1 in Ice Magic
  4068 | D:3      | Reached ** piety under Cheibriados
  4289 | D:3      | Found a bloodstained altar of Trog.
  4351 | D:4      | Found a glowing drain.
  4379 | Sewer    | Entered a sewer
  4459 | Sewer    | Noticed Purgy
  4477 | Sewer    | Killed Purgy
  4755 | D:4      | Noticed HessuHobo's ghost (amateur OpAs)
  4762 | D:4      | Killed HessuHobo's ghost
  4762 | D:4      | Reached XP level 7. HP: 43/43 MP: 7/12
  4915 | D:4      | Found Bigofur's Assorted Antiques.
  4920 | D:4      | Bought a shiny wooden ring for 160 gold pieces
  5452 | D:4      | Reached skill level 1 in Invocations
  5452 | D:4      | Reached XP level 8. HP: 48/48 MP: 14/14
  5500 | D:4      | Noticed Natasha
  5505 | D:4      | Killed Natasha
  5595 | D:4      | Noticed Menkaure
  5606 | D:4      | Killed Menkaure
  5821 | D:5      | Entered Level 5 of the Dungeon
  5879 | D:5      | Reached *** piety under Cheibriados
  6163 | D:5      | Found a shimmering altar of Xom.
  6266 | D:5      | Found a glowing silver altar of Zin.
  6837 | D:5      | Found a glowing golden altar of the Shining One.
  6926 | D:5      | Reached skill level 5 in Unarmed Combat
  7059 | D:5      | Noticed Edmund
  7079 | D:5      | Killed Edmund
  7079 | D:5      | Reached XP level 9. HP: 55/55 MP: 16/16
  7455 | D:6      | Reached **** piety under Cheibriados
  7487 | D:6      | Found Huoham's Food Emporium.
  7962 | D:6      | Reached skill level 5 in Spellcasting
  7979 | D:6      | Noticed a hill giant
  7997 | D:6      | Killed a hill giant
  7997 | D:6      | Reached skill level 5 in Ice Magic
  8894 | D:7      | Found an opulent altar of Gozag.
  9053 | D:4      | Bought a scratched gilded ring for 160 gold pieces
  9130 | D:7      | Reached ***** piety under Cheibriados
  9464 | D:7      | Found a staircase to the Ecumenical Temple.
  9983 | D:7      | Reached skill level 5 in Dodging
  9983 | D:7      | Reached XP level 10. HP: 63/63 MP: 18/18
 10071 | D:8      | Gained mutation: Your magical capacity is low. (-10% MP) [mutagenic meat]
 10072 | D:8      | Gained mutation: You are frail. (-10% HP) [mutagenic meat]
 10073 | D:8      | Gained mutation: Your flesh is heat resistant. (rF+) [mutagenic meat]
 10075 | D:8      | Gained mutation: Scrolls take you a little longer to read. [mutagenic meat]
 10389 | D:8      | Found a shadowy altar of Dithmenos.
 10638 | D:8      | Learned a level 4 spell: Petrify
 10878 | D:8      | Reached skill level 1 in Earth Magic
 10970 | D:8      | Noticed a three-headed hydra
 10979 | D:8      | Killed a three-headed hydra
 11123 | D:8      | Reached skill level 5 in Invocations
 11290 | D:8      | Found an ancient bone altar of Kikubaaqudgha.
 11691 | D:9      | Reached XP level 11. HP: 60/60 MP: 18/18
 11783 | D:9      | Found Uxzeucw's Distillery.
 11789 | D:9      | Bought a potion of curing for 33 gold pieces
 11789 | D:9      | Bought 2 potions of lignification for 66 gold pieces
 11789 | D:9      | Bought a potion of might for 44 gold pieces
 11860 | D:9      | Found a hide-covered altar of Uskayaw.
 11860 | D:9      | Noticed a dagger
 11860 | D:9      | Noticed a dagger
 12386 | D:9      | Found a staircase to the Lair.
 12550 | D:9      | Reached ****** piety under Cheibriados
 12552 | D:9      | Mangled by a komodo dragon

Skill      XL: |  1  2  3  4  5  6  7  8  9 10 11 |
---------------+----------------------------------+-----
Transmutations | 3 4 5 6 7 |  7.2
Poison Magic   | 2 |  2.0
Spellcasting   | 3 4 5 6 |  6.7
Ice Magic      | 3 4 5 |  5.0
Invocations    | 1 2 3 5 |  5.7
Unarmed Combat | 5 6 7 |  7.5
Fighting       | 2 3 |  3.2
Dodging        | 3 5 6 7 |  7.2
Earth Magic    | 3 4 |  4.4

Action                   |  1- 3 |  4- 6 |  7- 9 | 10-12 || total
-------------------------+-------+-------+-------+-------++-------
Melee: Unarmed           |    98 |   142 |   233 |   192 ||   665
       Constrict         |    24 |    14 |    30 |    16 ||    84
       Tentacles         |     8 |     7 |    34 |    37 ||    86
       Punch             |       |       |    12 |    12 ||    24
 Cast: Spider Form       |     3 |     8 |       |       ||    11
       Sticks to Snakes  |     2 |     3 |     6 |       ||    11
       Ice Form          |       |     5 |    23 |    10 ||    38
       Petrify           |       |       |       |    19 ||    19
Invok: Bend Time         |       |       |       |     2 ||     2
 Abil: End Transformatio |       |       |     1 |       ||     1
Evoke: Wand              |       |       |     4 |       ||     4
  Use: Scroll            |     1 |     3 |     3 |     5 ||    12
       Potion            |       |     4 |     2 |     7 ||    13
 Stab: Sleeping          |     6 |     2 |     4 |     4 ||    16
       Invisible         |       |     1 |       |     1 ||     2
       Petrified         |       |       |       |    22 ||    22
       Petrifying        |       |       |       |     6 ||     6
  Eat: Chunk             |     4 |     7 |    10 |    10 ||    31
Armor: Skin              |     9 |    37 |    41 |    28 ||   115
Dodge: Dodged            |    73 |   104 |   123 |   159 ||   459
